 Dungeon Crawl Stone Soup version 0.28.0-53-g5a82cb258f (webtiles) character file.

Game seed: 614787597894913332

12679 H0rd4k the Basher (level 12, -9/92 HPs)
             Began as a Human Artificer on July 15, 2022.
             Was an Initiate of Gozag.
             Shot with a bolt by a yaktaur (17 damage)
             ... on level 12 of the Dungeon.
             The game lasted 00:20:27 (15744 turns).

H0rd4k the Basher (Human Artificer)                Turns: 15744, Time: 00:20:27

Health: -9/92      AC: 20    Str: 17    XL:     12   Next: 23%
Magic:  21/21      EV: 17    Int: 16    God:    Gozag
Gold:   897        SH:  0    Dex: 13    Spells: 16/24 levels left

rFire   . . .      SeeInvis .   r - +7 whip (elec)
rCold   . . .      Faith    .   (no shield)
rNeg    . . .      Spirit   .   E - +5 ring mail of Gallantry {rElec}
rPois   .          Reflect  .   s - +0 helmet
rElec   +          Harm     .   (no cloak)
rCorr   .          Rampage  .   d - +2 pair of gloves {Str+3}
Will    .....                   g - +0 pair of boots
Stlth   ++........              (no amulet)
HPRegen 0.25/turn               m - +4 ring of protection
MPRegen 0.17/turn               f - +4 ring of evasion

@: weak-willed, gold aura, slowed, very slow
A: no striking features
a: Renounce Religion, Potion Petition, Call Merchant, Bribe Branch


You were on level 12 of the Dungeon.
You worshipped Gozag.
Gozag was pleased with you.
You visited 2 branches of the dungeon, and saw 13 of its levels.
You also visited: Ossuary.

You collected 1712 gold pieces.
You spent 690 gold pieces at shops.
You paid 125 gold pieces to Gozag.

Inventory:

Hand Weapons
 j - a +2 whip of flaming
 r - a +7 whip of electrocution (weapon)
 A - a +0 falchion of venom
Missiles
 k - 19 poisoned darts
 F - 3 throwing nets
Armour
 d - a +2 pair of gloves of strength (worn)
 g - a +0 pair of boots (worn)
 s - a +0 helmet (worn)
 E - the +5 ring mail of Gallantry (worn) {rElec}
   (You found it on level 4 of the Dungeon)

   rElec:     It insulates you from electricity.
Magical Staves
 q - a staff of poison
 v - a staff of fire
 O - a staff of earth
Jewellery
 f - a +4 ring of evasion (right hand)
 m - a +4 ring of protection (left hand)
 P - a ring of see invisible
 Q - a ring of poison resistance
 T - a ring of willpower
Wands
 c - a wand of flame (28) (quivered)
 t - a wand of digging (5)
 y - a wand of iceblast (13)
 N - a wand of paralysis (5)
Scrolls
 a - a scroll of noise {unknown}
 b - a scroll of identify
 h - 6 scrolls of teleportation
 n - a scroll of fog
 B - a scroll of magic mapping
 C - a scroll of brand weapon
 D - 4 scrolls of immolation
 J - a scroll of blinking {unknown}
 L - a scroll of fear
 R - a scroll of vulnerability
Potions
 i - a potion of haste {unknown}
 l - a potion of invisibility {unknown}
 o - 6 potions of curing
 p - 3 potions of mutation
 u - a potion of flight {unknown}
 w - a potion of ambrosia {unknown}
 x - 2 potions of brilliance
 z - 3 potions of attraction
 G - 3 potions of lignification
 H - 2 potions of cancellation
 I - a potion of magic {unknown}
 K - 3 potions of resistance
Miscellaneous
 e - a piece from Xom's chessboard (15/15)


   Skills:
 + Level 7.7 Fighting
 + Level 3.7 Long Blades
 + Level 11.4 Maces & Flails
 + Level 2.9 Armour
 + Level 7.4 Dodging
 + Level 3.4 Stealth
 * Level 6.5 Spellcasting
 * Level 2.3 Hexes
 + Level 5.4 Evocations


You had 16 spell levels left.
You knew the following spells:

 Your Spells              Type           Power      Damage    Failure   Level
a - Tukima's Dance        Hex            12%        N/A       26%         3
b - Metabolic Englaciati  Hex/Ice        4%         N/A       99%         5

Your spell library contained the following spells:

 Spells                   Type           Power      Damage    Failure   Level
 Confusing Touch          Hex            12%        N/A       26%         3
 Scorch                   Fire           10%        2d6       34%         2
 Ozocubu's Armour         Ice            5%         N/A       56%         3
 Flame Wave               Conj/Fire      5%         2d5       93%         4
 Simulacrum               Ice/Necr       2%         N/A       100%        6
 Summon Cactus Giant      Summ           2%         N/A       100%        6
 Discord                  Hex            6%         N/A       100%        8


Dungeon Overview and Level Annotations

Branches:
Dungeon (12/15)            Temple (1/1) D:4            Lair (0/6) D:11
    Orc (0/2) D:11        Ossuary (visited)

Altars:
Ashenzari
Cheibriados
Dithmenos
Elyvilon
Fedhas
Gozag
Hepliaklqana
Kikubaaqudgha
Makhleb
Nemelex Xobeh
Okawaru
Qazlal
Ru
Sif Muna
Trog
Uskayaw
Vehumet
Wu Jian
Xom
Yredelemnul
Zin
The Shining One
Lugonu

Shops:
D:11 :

Portals:
Trove: D:12 (give +6 demon trident)

Annotations:
D:2 exclusion: downstairs
D:4 2 transporters, babelonianboi's ghost, amateur HOBe
D:6 1 runed translucent door, exclusion: door, Crazy Yiuf
D:10 exclusion: downstairs


Message History

A wraith comes into view.
A wraith comes into view.
The yaktaur wields a +0 arbalest.
The yaktaur shoots a bolt.
The bolt hits you!!
The wraith moves out of view.
A death knight comes into view. It is wielding a +0 glaive.
The death knight shouts!
You hear a shout!
A freezing wraith comes into view.
You hear a shout! x2
A yaktaur comes into view.
The freezing wraith moves out of view.
A yaktaur comes into view.
The yaktaur shouts!
A phantasmal warrior comes into view.
The death knight offers itself to Yredelemnul, and fills with unholy energy.
The wraith hits you! The wraith drains your vigour!
You feel yourself slow down.
A yaktaur comes into view.
You hit the wraith but do no damage. You whack the wraith!
The wraith is moderately damaged.
The wraith misses you.
You whack the wraith!
The wraith is severely damaged.
The phantasmal warrior gestures at you.
The phantasmal warrior blinks!
The wraith hits you. The wraith drains your vigour!
You feel as though you will be slow longer.
You whack the wraith!
You destroy the wraith!
The phantasmal warrior hits you!!
Unknown command.
The phantasmal warrior hits you!!
* * * LOW HITPOINT WARNING * * *
Your willpower is stripped away!
The yaktaur wields a +3 arbalest.
The yaktaur shoots a bolt.
The bolt hits you!
* * * LOW HITPOINT WARNING * * *
The phantasmal warrior is distracted by your dazzling golden aura.
The yaktaur shoots a bolt.
The bolt hits you!
You die...
Your body crumbles into a pile of gold.

###### ### #..... #..
##### #..... #.#
...#######....[ #.#
#.#........... #.#
#.(.###.......
####W#####.......#..###
#cc$..@....#####...##
..cWp##..#.#######....#
..c ##...# #......# .
....## #.##.#.# ##
#.#..# #.#..#.# .#
#..#..# #.#.##.## .# ..
...# #...##..## ^######
######### #.<####..##
......# ###
#.#####.##.......


You could see a death knight (reflects damage), a phantasmal warrior (unaware),
3 yaktaurs and a freezing wraith.

Vanquished Creatures
  A boulder beetle (D:11)
  Erica (D:8)
  A two-headed ogre (D:11)
  5 slime creatures
  A gargoyle (D:11)
  A troll (D:11)
  A hornet (D:8)
  Prince Ribbit (D:7)
  A blink frog (shapeshifter) (D:12)
  Grinder (D:5)
  Sigmund (D:6)
  A shadow (D:12)
  A wyvern (D:9)
  10 yaks
  A wraith (D:12)
  A steam dragon (D:7)
  3 vampire mosquitoes (D:10)
  Menkaure (D:7)
  An acid dragon (D:10)
  Duvessa (D:4)
  A water moccasin (D:8)
  4 black bears
  7 orc warriors
  4 ogres
  A necrophage (D:4)
  3 wolves (D:11)
  3 centaurs
  A kobold brigand (D:7)
  3 bullfrogs
  A gnoll sergeant (D:10)
  5 water moccasin zombies (Ossuary)
  A wyvern zombie (D:7)
  2 scorpions (D:5)
  4 killer bees (D:8)
  4 wights (D:8)
  An oklob sapling (D:4)
  3 howler monkeys
  An electric eel (D:11)
  4 crimson imps (D:11)
  3 centaur zombies
  7 hounds
  7 orc priests
  A jelly (D:8)
  A gnoll shaman (D:6)
  A centaur skeleton (D:6)
  Ijyb (D:4)
  3 iguanas
  9 orc wizards
  3 mummies
  A hound skeleton (D:5)
  Robin (D:3)
  A howler monkey zombie (D:7)
  9 gnolls
  9 adders
  A white imp (D:8)
  3 adder zombies (Ossuary)
  3 worms
  3 dart slugs
  32 orcs
  4 bats
  10 endoplasms
  7 giant cockroaches
  12 goblins
  8 hobgoblins
  2 jackals (D:2)
  3 quokkas
  4 ball pythons
  2 frilled lizards
  6 gnoll zombies (Ossuary)
  2 hobgoblin zombies (Ossuary)
  15 kobolds
  4 kobold zombies (Ossuary)
  11 orc zombies (Ossuary)
  2 rats (D:2)
279 creatures vanquished.

Vanquished Creatures (collateral kills)
  Joseph (D:7)
  A wyvern zombie (D:6)
  A scorpion (D:4)
  Dowan (D:4)
  A hound skeleton (D:4)
  An endoplasm (D:4)
6 creatures vanquished.

Vanquished Creatures (others)
  Eustachio (D:6)
  An ogre (D:6)
  A phantom (D:4)
  A hound (D:6)
  An orc (D:5)
  A fungus (D:6)
  3 plants (D:4)
9 creatures vanquished.

Grand Total: 294 creatures vanquished

Notes
Turn   | Place    | Note
-------+----------+-------------------------------------------
     0 | D:1      | H0rd4k the Human Artificer began the quest for the Orb.
     0 | D:1      | Reached XP level 1. HP: 15/15 MP: 1/1
   173 | D:1      | Found a faded altar of an unknown god.
   427 | D:1      | Reached XP level 2. HP: 13/21 MP: 2/2
  1570 | D:2      | Reached XP level 3. HP: 26/26 MP: 3/3
  1854 | D:2      | Reached skill level 1 in Maces & Flails
  2288 | D:2      | Reached XP level 4. HP: 29/32 MP: 4/4
  2937 | D:3      | Reached skill level 2 in Maces & Flails
  2941 | D:3      | Noticed Robin
  3086 | D:3      | Killed Robin
  3103 | D:3      | Reached XP level 5. HP: 26/38 MP: 5/5
  3338 | D:3      | Found a stormy altar of Qazlal.
  3680 | D:3      | Reached skill level 3 in Maces & Flails
  4054 | D:4      | Noticed babelonianboi's ghost (amateur HOBe)
  4054 | D:4      | Found a transporter.
  4054 | D:4      | Found a transporter.
  4057 | D:4      | Noticed Dowan
  4058 | D:4      | Noticed Duvessa
  4096 | D:4      | Noticed a phantom
  4115 | D:4      | Killed Dowan
  4116 | D:4      | Reached XP level 6. HP: 17/44 MP: 6/6
  4171 | D:4      | Reached skill level 4 in Maces & Flails
  4184 | D:5      | Entered Level 5 of the Dungeon
  4192 | D:5      | Found an iron altar of Okawaru.
  4420 | D:5      | Noticed a black bear
  4442 | D:5      | Reached XP level 7. HP: 50/51 MP: 7/7
  5015 | D:5      | Reached skill level 5 in Maces & Flails
  5036 | D:5      | Found a bloodstained altar of Trog.
  5036 | D:5      | Found a radiant altar of Vehumet.
  5050 | D:5      | Noticed Grinder
  5052 | D:5      | Killed Grinder
  5353 | D:5      | Reached skill level 1 in Long Blades
  5353 | D:5      | Reached XP level 8. HP: 45/58 MP: 8/8
  5465 | D:4      | Killed Duvessa
  5466 | D:4      | Reached skill level 1 in Spellcasting
  5875 | D:4      | Found a glowing golden altar of the Shining One.
  6145 | D:4      | Identified the +5 ring mail of Gallantry {rElec}
  6218 | D:4      | Noticed Ijyb
  6227 | D:4      | Killed Ijyb
  6313 | D:4      | Found a staircase to the Ecumenical Temple.
  6346 | Temple   | Entered the Ecumenical Temple
  6536 | D:6      | Noticed Eustachio
  6567 | D:6      | Reached XP level 9. HP: 29/65 MP: 12/12
  6579 | D:6      | Reached skill level 6 in Maces & Flails
  6582 | D:6      | Your ally Eustachio died
  7058 | D:6      | Noticed Sigmund
  7076 | D:6      | Killed Sigmund
  7103 | D:6      | Reached skill level 5 in Dodging
  7103 | D:6      | Reached skill level 5 in Evocations
  7172 | D:6      | Found a sand-covered staircase.
  7183 | Ossuary  | Entered an ossuary
  7431 | Ossuary  | Reached skill level 7 in Maces & Flails
  7745 | D:6      | Found a broken altar of Ashenzari.
  7745 | D:6      | Found an opulent altar of Gozag.
  7746 | D:6      | Found an ornate altar of the Wu Jian Council.
  7761 | D:6      | Found a sacrificial altar of Ru.
  7764 | D:6      | Became a worshipper of Gozag Ym Sagoz the Greedy
  7797 | D:6      | Found a shadowy altar of Dithmenos.
  7802 | D:6      | Found a hazy altar of Hepliaklqana.
  7804 | D:6      | Found a burning altar of Makhleb.
  7805 | D:6      | Found a sparkling altar of Nemelex Xobeh.
  7846 | D:6      | Found a blossoming altar of Fedhas.
  8228 | D:6      | Found a runed translucent door.
  8229 | D:6      | Noticed Crazy Yiuf
  8547 | D:7      | Reached skill level 5 in Fighting
  8547 | D:7      | Reached XP level 10. HP: 51/74 MP: 15/15
  8552 | D:7      | Noticed Menkaure
  8568 | D:7      | Killed Menkaure
  8700 | D:7      | Noticed Prince Ribbit
  8720 | D:7      | Killed Prince Ribbit
  8721 | D:7      | Reached skill level 8 in Maces & Flails
  9068 | D:7      | Noticed Joseph
  9100 | D:7      | Killed Joseph
  9447 | D:7      | Found a white marble altar of Elyvilon.
  9499 | D:7      | Found a basalt altar of Yredelemnul.
  9803 | D:7      | Reached skill level 9 in Maces & Flails
 10536 | D:8      | Noticed Erica
 10544 | D:8      | Killed Erica
 10867 | D:8      | Paralysed by a hornet for 3 turns
 11112 | D:8      | Reached skill level 5 in Spellcasting
 11119 | D:8      | Paralysed by an orc for 7 turns
 11132 | D:8      | Paralysed by an orc for 2 turns
 11429 | D:8      | Reached XP level 11. HP: 83/83 MP: 18/18
 12026 | D:9      | Reached skill level 10 in Maces & Flails
 12751 | D:10     | Entered Level 10 of the Dungeon
 13788 | D:11     | Found Yqedgh Reaci's Book Boutique.
 13790 | D:11     | Noticed a boulder beetle
 13807 | D:11     | Killed a boulder beetle
 13881 | D:11     | Bought Nail Huruarr's Tome of Malediction for 690 gold
                  | pieces
 13885 | D:11     | Learned a level 3 spell: Tukima's Dance
 13891 | D:11     | Learned a level 5 spell: Metabolic Englaciation
 13931 | D:11     | Found a shimmering altar of Xom.
 14020 | D:11     | Found a staircase to the Lair.
 14021 | D:11     | Noticed a two-headed ogre
 14041 | D:11     | Killed a two-headed ogre
 14042 | D:11     | Reached skill level 11 in Maces & Flails
 14042 | D:11     | Reached skill level 1 in Hexes
 14357 | D:11     | Reached XP level 12. HP: 30/92 MP: 21/21
 14744 | D:11     | Found a staircase to the Orcish Mines.
 15592 | D:12     | Noticed an eight-headed hydra
 15671 | D:12     | Found a portal to a secret trove of treasure.
 15736 | D:12     | Noticed a death knight
 15744 | D:12     | Shot with a bolt by a yaktaur

Illustrated notes

Levels and vault maps discovered:
D:1:      dpeg_arrival_renting, layout_basic,
          hellmonk_ecumenical_altar_slurped_away, minmay_pentomino_p2
D:2:      layout_basic, minmay_door_square, minmay_quantized
D:3:      layout_basic, grunt_qazlal_sundering, uniq_robin
D:4:      layout_rooms, tso_metal_star, minmay_temple_entry_oklob,
          gammafunk_ghost_mausoleum, uniq_duvessa, uniq_ijyb
D:5:      layout_loops_ring, okawaru_ov_weapons_minmay,
          gammafunk_temple_overflow_elements, uniq_grinder
D:6:      layout_loops_ring, mainiacjoe_overflow_catwalk,
          nicolae_overflow_hallway_of_the_gods, gup_ossuary_entry_pyramid,
          uniq_eustachio, uniq_crazy_yiuf_cottage, uniq_sigmund
D:7:      layout_basic, kennysheep_ying_yang, uniq_prince_ribbit1,
          uniq_menkaure, uniq_joseph
D:8:      layout_layer_cave, ebering_dispersal_statue_hall, uniq_erica
D:9:      layout_irregular_city
D:10:     layout_roguey
D:11:     layout_loops_cross, erik_lair_island, orc_0_dummy, serial_shops, shop,
          led_xom_imps
D:12:     layout_rooms, nicolae_trove_entry_crystal, serial_corexii_hall,
          chequers_hall_statues_y, corexii_hall_statues_deadend
Temple:   corrupted_temple

Skill      XL: |  1  2  3  4  5  6  7  8  9 10 11 12 |
---------------+-------------------------------------+-----
Maces & Flails | 1 2 3 4 5 7 9 11 | 11.4
Dodging        | 2 3 4 5 6 7 |  7.4
Fighting       | 2 3 5 6 7 |  7.7
Evocations     | 4 5 |  5.4
Long Blades    | 1 3 |  3.7
Spellcasting   | 2 3 5 6 |  6.5
Stealth        | 2 3 |  3.4
Hexes          | 1 2 |  2.3
Armour         | |  2.9

Action                   |  1- 3 |  4- 6 |  7- 9 | 10-12 || total
-------------------------+-------+-------+-------+-------++-------
Melee: Whip              |   128 |   242 |   372 |   635 ||  1377
       Club              |     4 |       |       |       ||     4
       Punch             |     1 |     1 |     8 |    11 ||    21
       Falchion          |       |       |    70 |       ||    70
Evoke: Wand              |     3 |    12 |    15 |    12 ||    42
  Use: Scroll            |       |       |     7 |    14 ||    21
 Stab: Sleeping          |     3 |       |       |       ||     3
       Paralysed         |       |       |       |    18 ||    18
       Distracted        |       |       |       |     2 ||     2
Armor: Leather armour    |    35 |    71 |    42 |       ||   148
       Ring mail         |       |       |    82 |   149 ||   231
Dodge: Dodged            |   102 |   192 |   372 |   345 ||  1011
